 Dungeon Crawl Stone Soup version 0.20-b1-14-g8425815 (webtiles) character file.

1236 galech the Ruffian (level 8, -3/75 HPs)
             Began as a Troll Monk on May 23, 2017.
             Slain by Prince Ribbit (14 damage)
             ... on level 5 of the Dungeon.
             The game lasted 00:05:28 (3456 turns).

galech the Ruffian (Troll Monk)                     Turns: 3456, Time: 00:05:29

Health: -3/75      AC:  7    Str: 22    XL:     8   Next: 24%
Magic:  7/7        EV: 12    Int:  6    God:
Gold:   218        SH:  0    Dex: 14    Spells: 7/7 levels left

rFire    + . .     SeeInvis .     - Unarmed
rCold    . . .     Gourm    +   (no shield)
rNeg     . . .     Faith    .   y - +2 robe {rF+}
rPois    .         Spirit   .   (helmet restricted)
rElec    .         Reflect  .   (no cloak)
rCorr    .         Harm     .   (gloves unavailable)
MR       +....                  (boots unavailable)
Stlth    ++........             (no amulet)
Regen    0.7/turn               g - +2 ring of dexterity
MPRegen  0.1/turn               l - ring of protection from magic

@: no status effects
A: unfitting armour, claws 3, fast metabolism 3, gourmand, regeneration 1,
shaggy fur 1, tough skin 2
a: no special abilities


You were on level 5 of the Dungeon.
You were completely stuffed.

You visited 1 branch of the dungeon, and saw 6 of its levels.

You collected 218 gold pieces.

Inventory:

Armour
 y - a +2 robe of fire resistance (worn)
Jewellery
 g - a +2 ring of dexterity (left claw)
 l - a ring of protection from magic (right claw)
Wands
 s - a wand of paralysis (19/24)
 w - a wand of flame (19/48)
 B - a wand of polymorph (10/24)
 D - a wand of random effects (32/48)
 E - a wand of flame (25/48)
Scrolls
 a - a scroll of enchant armour {unknown}
 c - 4 scrolls of teleportation {unknown}
 d - 2 scrolls of amnesia {unknown}
 f - 2 scrolls of blinking {unknown}
 h - 2 scrolls of random uselessness {unknown}
 i - a scroll of fear {unknown}
 j - a scroll of remove curse {unknown}
 m - 2 scrolls of magic mapping {unknown}
 o - 7 scrolls of identify {unknown}
 v - a scroll of recharging {unknown}
 C - a scroll of enchant weapon {unknown}
 G - a scroll of fog {unknown}
Potions
 e - 3 potions of heal wounds {unknown}
 k - 4 potions of might
 n - 2 potions of mutation {unknown}
 t - a potion of lignification {unknown}
 u - a potion of curing {unknown}
 x - a potion of flight {unknown}
 z - a potion of resistance {unknown}
 A - 2 potions of cancellation {unknown}
 F - a potion of berserk rage {unknown}
Comestibles
 b - 5 bread rations
 p - 2 royal jellies
 q - 3 fruits
 r - 3 meat rations
 H - 2 chunks of flesh


   Skills:
 + Level 3.3 Fighting
 + Level 4.9 Dodging
 + Level 2.1 Stealth
 + Level 7.9 Unarmed Combat


You had 7 spell levels left.
You didn't know any spells.

Dungeon Overview and Level Annotations

Branches:
Dungeon (6/15)
 Temple: D:4-7

Altars:
Cheibriados
Gozag
Sif Muna

Shops:
D:4 [}[

Annotations:
D:5 Prince Ribbit


Innate Abilities, Weirdness & Mutations

You are too large for most types of armour.
You have claws for hands.
Your metabolism is lightning-fast.
You like to eat raw meat.
Your natural rate of healing is unusually fast.
You are covered in fur. (AC +1)
You have very tough skin. (AC +2)


Message History

Level annotation: Prince Ribbit Prince Ribbit hits you!!
There is a stone staircase leading down, spattered with blood here.
You barely miss Prince Ribbit. Prince Ribbit hits you!
You miss Prince Ribbit. Prince Ribbit hits you.
You mangle Prince Ribbit!!
Prince Ribbit is heavily wounded.
Prince Ribbit hits you. Prince Ribbit hits you!
You claw Prince Ribbit!
Prince Ribbit is almost dead.
Prince Ribbit hits you.
* * * LOW HITPOINT WARNING * * *
You miss Prince Ribbit.
Prince Ribbit is almost dead.
Prince Ribbit hits you!
* * * LOW HITPOINT WARNING * * *
You scratch Prince Ribbit.
Prince Ribbit is almost dead.
Prince Ribbit closely misses you. Prince Ribbit hits you!
You die...

...##...#####.###...
.<.##...# .. ....
........# .###.F#
...###..# #.###?.#
...# #..#####.....)#
#### ##.......####.#
#######.##.##.# #.#
..............####.#
########........@F(#
##...######(# ##.##
#(# #.### #(# #...#
#.# ###.#####.#
#.......# #########


You could see Prince Ribbit.

Vanquished Creatures
  Pikel (D:3)
  An ice beast (D:5)
  A slave (D:3)
  An ogre (D:4)
  A centaur (D:5)
  Blork the orc (D:4)
  A howler monkey (D:5)
  4 orc priests
  A jelly (D:5)
  2 orc wizards
  Jessica (D:3)
  Terence (D:3)
  An iguana (D:3)
  3 adders
  An ooze (D:2)
  2 worms (D:2)
  2 dart slugs
  A leopard gecko (D:2)
  22 orcs
  A ball python (D:4)
  2 bats (D:2)
  6 giant cockroaches
  7 hobgoblins
  4 jackals
  3 quokkas
  4 frilled lizards
  7 goblins
  5 kobolds
  A quokka zombie (D:4)
  3 rats
91 creatures vanquished.

Vanquished Creatures (others)
  An adder (D:4)
1 creature vanquished.

Grand Total: 92 creatures vanquished

Notes
Turn   | Place    | Note
-------+----------+-------------------------------------------
     0 | D:1      | galech the Troll Monk began the quest for the Orb.
     0 | D:1      | Reached XP level 1. HP: 22/22 MP: 0/0
   102 | D:1      | Reached XP level 2. HP: 29/29 MP: 1/1
   784 | D:2      | Reached XP level 3. HP: 32/36 MP: 2/2
  1521 | D:3      | Reached XP level 4. HP: 44/44 MP: 3/3
  1809 | D:3      | Reached skill level 4 in Unarmed Combat
  1814 | D:3      | Reached XP level 5. HP: 21/50 MP: 4/4
  1886 | D:3      | Noticed Terence
  1888 | D:3      | Killed Terence
  1913 | D:3      | Noticed Jessica
  1917 | D:3      | Killed Jessica
  2210 | D:4      | Noticed an ogre
  2218 | D:4      | Killed an ogre
  2218 | D:4      | Reached skill level 5 in Unarmed Combat
  2218 | D:4      | Reached XP level 6. HP: 29/59 MP: 5/5
  2297 | D:4      | Noticed Pikel
  2297 | D:4      | Noticed a slave
  2297 | D:4      | Noticed a slave
  2297 | D:4      | Noticed a slave
  2297 | D:4      | Noticed a slave
  2429 | D:3      | Killed a slave
  2444 | D:3      | Killed Pikel
  2444 | D:3      | Reached skill level 6 in Unarmed Combat
  2444 | D:3      | Reached XP level 7. HP: 43/67 MP: 6/6
  2484 | D:4      | Found Dilay's Armour Shoppe.
  2496 | D:4      | Reached skill level 7 in Unarmed Combat
  2674 | D:4      | Noticed Blork the orc
  2684 | D:4      | Killed Blork the orc
  2758 | D:4      | Found Etwuimp's Armour Shoppe.
  2879 | D:4      | Found Voddeutu's Gadget Shoppe.
  2971 | D:4      | Found a deep blue altar of Sif Muna.
  2974 | D:4      | Found a snail-covered altar of Cheibriados.
  2977 | D:4      | Found an opulent altar of Gozag.
  3075 | D:5      | Entered Level 5 of the Dungeon
  3092 | D:5      | Reached XP level 8. HP: 75/75 MP: 7/7
  3410 | D:5      | Noticed Prince Ribbit
  3456 | D:5      | Slain by Prince Ribbit

Skill      XL: |  1  2  3  4  5  6  7 |
---------------+----------------------+-----
Dodging        | 3 4 |  4.9
Unarmed Combat | 4 5 6 7 |  7.9
Fighting       | 3 |  3.3
Stealth        | 2 |  2.1

Action                   |  1- 3 |  4- 6 |  7- 9 || total
-------------------------+-------+-------+-------++-------
Melee: Unarmed           |   123 |   101 |    87 ||   311
       Punch             |     4 |     3 |     2 ||     9
 Stab: Sleeping          |     2 |     2 |     2 ||     6
  Eat: Chunk             |    12 |    16 |     9 ||    37
Armor: Robe              |    44 |    29 |    18 ||    91
Dodge: Dodged            |    59 |    59 |    33 ||   151
